 Dungeon Crawl Stone Soup version 0.28.0-53-g5a82cb258f (webtiles) character file.

Game seed: 13616982019567710810

16078 firemarshallily the Fighter (level 12, -2/99 HPs)
             Began as a Demonspawn Gladiator on May 21, 2022.
             Was the Champion of Cheibriados.
             Slain by a phantasmal warrior (12 damage)
             ... led by a death knight
             ... on level 12 of the Dungeon.
             The game lasted 00:40:16 (13190 turns).

firemarshallily the Fighter (Demonspawn Gladiator) Turns: 13190, Time: 00:40:17

Health: -2/99      AC: 28    Str: 34 (37) XL:     12   Next: 6%
Magic:  10/12      EV: 13    Int: 24 (26) God:    Cheibriados [******]
Gold:   631        SH:  8    Dex: 29 (32) Spells: 11/11 levels left

rFire   . . .      SeeInvis .   b - +4 whip of Pywuun {vorpal, rC+ Dex+2}
rCold   + . .      Faith    .   n - +0 buckler
rNeg    . . .      Spirit   .   i - +0 scale mail
rPois   +          Reflect  .   (helmet restricted)
rElec   .          Harm     .   (no cloak)
rCorr   .          Rampage  .   p - +2 pair of gloves
Will    .....                   (no boots)
Stlth   +.........              w - amulet of the acrobat
HPRegen 0.26/turn               f - +4 ring of protection
MPRegen 0.13/turn               v - ring of poison resistance

@: weak-willed, sanguine armoured, attractive, unable to read, very slow
A: horns 1, ignite blood 2, powered by death 2, sanguine armour 3, clever 1,
strong 1, wild magic 1, inability to read while threatened
a: Renounce Religion, Bend Time, Temporal Distortion, Slouch, Step From Time


You were on level 12 of the Dungeon.
You worshipped Cheibriados.
Cheibriados was exalted by your worship.
You visited 1 branch of the dungeon, and saw 12 of its levels.

You collected 687 gold pieces.
You spent 56 gold pieces at shops.

Inventory:

Hand Weapons
 a - a +0 vampiric long sword
 b - the +4 whip of Pywuun (weapon) {vorpal, rC+ Dex+2}
   (You found it on level 7 of the Dungeon)

   It inflicts extra damage upon your enemies.
   Dex:       It affects your dexterity (+2).
   rC:        It protects you from cold.
Missiles
 c - 190 stones
 d - 3 throwing nets
 e - 5 curare-tipped darts (quivered)
 m - 52 poisoned darts
 x - 7 boomerangs
 C - 3 boomerangs of dispersal
Armour
 i - a +0 scale mail (worn)
 n - a +0 buckler (worn)
 p - a +2 pair of gloves (worn)
 u - a +0 chain mail
 A - the +1 leather armour of Ennui {Str+4}
   (You found it on level 6 of the Dungeon)

   Str:       It affects your strength (+4).
Magical Staves
 N - a staff of cold
Jewellery
 f - a +4 ring of protection (left hand)
 v - a ring of poison resistance (right hand)
 w - an amulet of the acrobat (around neck)
 B - a ring of resist corrosion
 E - an amulet of magic regeneration
 J - a ring of flight
Wands
 s - a wand of iceblast (13)
 t - a wand of flame (16)
 z - a wand of digging (7)
Scrolls
 k - 2 scrolls of enchant weapon {unknown}
 l - 5 scrolls of immolation
 H - 3 scrolls of teleportation
 K - a scroll of amnesia
 L - 2 scrolls of fear
 M - a scroll of holy word {unknown}
 O - a scroll of enchant armour
Potions
 g - a potion of might
 h - 3 potions of flight
 j - 6 potions of curing
 o - 3 potions of brilliance
 r - a potion of degeneration
 F - a potion of ambrosia
Miscellaneous
 G - a condenser vane


   Skills:
 * Level 10.9 Fighting
 - Level 5.9 Long Blades
 * Level 8.2 Maces & Flails
 - Level 2.0 Throwing
 * Level 9.8 Armour
 - Level 3.0 Dodging
 + Level 6.4 Shields


You had 11 spell levels left.
You didn't know any spells.
Your spell library contained the following spells:

 Spells                   Type           Power      Damage    Failure   Level
 Slow                     Hex            0%         N/A       41%         1
 Sublimation of Blood     Necr           0%         N/A       52%         2
 Confusing Touch          Hex            0%         N/A       75%         3
 Frozen Ramparts          Ice            0%         1d2       75%         3
 Gell's Gravitas          Tloc           0%         N/A       75%         3
 Lesser Beckoning         Tloc           0%         N/A       75%         3
 Stone Arrow              Conj/Erth      0%         3d7       75%         3
 Teleport Other           Tloc           0%         N/A       75%         3
 Vampiric Draining        Necr           0%         2d6       75%         3
 Animate Armour           Summ/Erth      0%         N/A       98%         4
 Ice Form                 Ice/Tmut       0%         N/A       98%         4
 Petrify                  Tmut/Erth      0%         N/A       98%         4
 Summon Ice Beast         Ice/Summ       0%         N/A       98%         4
 Irradiate                Conj/Tmut      0%         3d13      100%        5
 Lehudib's Crystal Spear  Conj/Erth      0%         10d2      100%        8


Dungeon Overview and Level Annotations

Branches:
Dungeon (12/15)            Temple (0/1) D:7            Lair (0/6) D:10
    Orc (0/2) D:11

Altars:
Cheibriados
Makhleb

Shops:
D:4 [   D:9 *

Annotations:
D:8 exclusion: electric eel
D:10 exclusion: oklob plant


Innate Abilities, Weirdness & Mutations

You have a pair of small horns on your head.
Your demonic aura often causes spilled blood to erupt in flames.
You regenerate health from kills.
When seriously injured, your blood forms very thick armour. (AC +12)
Your mind is acute. (Int +2)
Your muscles are strong. (Str +2)
Your spells are a little harder to cast, but a little more powerful.
You sometimes lose the ability to read scrolls when taking damage.


Message History

The boulder beetle is lightly wounded.
The boulder beetle is engulfed in blazing flames.
The boulder beetle bites you!!
You feel threatened and lose the ability to read scrolls!
* * * LOW HITPOINT WARNING * * *
You block the death knight's attack.
You block the skeletal warrior's attack.
You feel much better.
The death knight's dark mirror aura disappears.
The boulder beetle bites you. The phantasmal warrior gestures at you.
The phantasmal warrior blinks!
The death knight hits you with a +0 morningstar!
* * * LOW HITPOINT WARNING * * *
The skeletal warrior hits you from afar with a +0 halberd.
* * * LOW HITPOINT WARNING * * *
You feel better.
The boulder beetle is engulfed in blazing flames.
The boulder beetle closely misses you.
An orc comes into view. It is wielding a +0 mace.
The phantasmal warrior hits you!
* * * LOW HITPOINT WARNING * * *
Your willpower is stripped away!
The death knight hits you with a +0 morningstar!
* * * LOW HITPOINT WARNING * * *
You block the skeletal warrior's attack.
The orc is attracted toward you.
Okay, then.
You feel better.
The orc shouts!
You block the boulder beetle's attack.
You block the phantasmal warrior's attack.
The skeletal warrior hits you from afar with a +0 halberd.
* * * LOW HITPOINT WARNING * * *
The death knight hits you but does no damage.
You cannot read scrolls in your current state!
You fail to use your ability.
The boulder beetle is engulfed in blazing flames.
You block the boulder beetle's attack. The phantasmal warrior hits you!
You die...

..# ..#
..# ..
###.##
##....#
#.....##
#..W...#
#.@##..#
##pBW....#
#zzo....#
.W.#o#...#
...#......
..... ...
. ...#.
...
###....
.##


You could see a death knight, a boulder beetle, 2 skeletal warriors, a
phantasmal warrior, a freezing wraith, a wraith, an orc wizard and an orc.

Vanquished Creatures
  Fannar (D:11)
  Harold (D:9)
  A hydra (D:11)
  2 two-headed ogres
  A tengu warrior (D:12)
  Nergalle (D:11)
  Pikel (D:8)
  Joseph (D:8)
  A kobold demonologist (D:9)
  A komodo dragon (D:10)
  A troll (D:9)
  Prince Ribbit (D:7)
  A hornet (D:8)
  2 shadows
  22 yaks
  A wyvern (D:9)
  2 wraiths
  Grum (D:11)
  2 acid dragons
  A two-headed ogre zombie (D:11)
  A water moccasin (D:6)
  2 orc warriors
  4 ice beasts (D:6)
  2 sky beasts
  3 wolves (D:11)
  3 centaurs
  A lemure (D:8)
  5 phantoms
  17 kobold brigands
  3 bullfrogs
  2 scorpions (D:5)
  4 troll zombies (D:11)
  11 killer bees
  5 wights (D:8)
  An electric eel (D:8)
  2 howler monkeys
  3 centaur zombies
  A bullfrog zombie (D:5)
  3 hounds
  6 orc priests
  A centaur skeleton (D:7)
  A bullfrog skeleton (D:6)
  4 iguanas
  6 orc wizards
  2 killer bee zombies
  3 ogre zombies (D:11)
  2 hound skeletons (D:4)
  2 adders
  3 gnolls (D:6)
  A howler monkey zombie (D:9)
  A howler monkey skeleton (D:7)
  A shadow imp (D:8)
  A white imp (D:8)
  An adder skeleton (D:3)
  4 dart slugs
  19 orcs
  9 endoplasms
  8 giant cockroaches
  4 goblins
  5 hobgoblins
  13 jackals
  8 quokkas
  12 ball pythons
  10 bats
  6 frilled lizards
  2 goblin skeletons (D:11)
  3 goblin zombies (D:11)
  2 hobgoblin skeletons (D:11)
  4 hobgoblin zombies (D:11)
  16 kobolds
  2 orc skeletons (D:11)
  12 orc zombies (D:11)
  4 rats
  A spectral kobold (D:2)
297 creatures vanquished.

Vanquished Creatures (others)
  2 orcs (D:8)
  A plant (D:10)
3 creatures vanquished.

Grand Total: 300 creatures vanquished

Notes
Turn   | Place    | Note
-------+----------+-------------------------------------------
     0 | D:1      | firemarshallily the Demonspawn Gladiator began the quest
                  | for the Orb.
     0 | D:1      | Reached XP level 1. HP: 16/16 MP: 1/1
     1 | D:1      | Found a runed translucent door.
   168 | D:1      | Gained mutation: You have a pair of small horns on your
                  | head. [demonic ancestry]
   168 | D:1      | Reached XP level 2. HP: 22/22 MP: 2/2
   457 | D:1      | Reached skill level 1 in Armour
   525 | D:1      | Gained mutation: When seriously injured, your blood forms
                  | armour. (AC +12) [demonic ancestry]
   525 | D:1      | Reached XP level 3. HP: 17/28 MP: 3/3
   873 | D:1      | You fall into a shaft and drop 1 floor!
  1508 | D:2      | Reached XP level 4. HP: 26/34 MP: 4/4
  2056 | D:2      | Found a faded altar of an unknown god.
  2066 | D:2      | Prayed at the altar of an unknown god.
  2066 | D:2      | Became a worshipper of Cheibriados the Contemplative
  2066 | D:2      | Reached * piety under Cheibriados
  2214 | D:3      | Reached skill level 3 in Fighting
  2400 | D:3      | Noticed a kobold brigand
  2404 | D:3      | Gained mutation: You expend magic power (3 MP) to
                  | strengthen your wands. [potion of mutation]
  2404 | D:3      | Gained mutation: Your body sometimes deteriorates upon
                  | taking damage. [potion of mutation]
  2404 | D:3      | Gained mutation: Your mind is acute. (Int +2) [potion of
                  | mutation]
  2404 | D:3      | Gained mutation: You are somewhat resistant to further
                  | mutation. [potion of mutation]
  2414 | D:3      | Killed a kobold brigand
  2415 | D:3      | Reached XP level 5. HP: 17/41 MP: 5/5
  3192 | D:4      | Reached ** piety under Cheibriados
  3502 | D:4      | Found Hiastr Loeqi's Armour Shoppe.
  3516 | D:4      | Bought a +0 pair of gloves for 49 gold pieces
  3753 | D:4      | Found a burning altar of Makhleb.
  3758 | D:4      | Reached XP level 6. HP: 48/48 MP: 6/6
  4047 | D:5      | Entered Level 5 of the Dungeon
  4130 | D:5      | Reached skill level 4 in Fighting
  4277 | D:5      | Noticed a sky beast
  4372 | D:5      | Reached skill level 1 in Shields
  4779 | D:5      | Gained mutation: Your demonic aura sometimes causes spilled
                  | blood to erupt in flames. [demonic ancestry]
  4779 | D:5      | Reached XP level 7. HP: 24/55 MP: 7/7
  5161 | D:6      | Reached skill level 5 in Fighting
  5161 | D:6      | Reached skill level 5 in Long Blades
  5263 | D:6      | Gained mutation: When seriously injured, your blood forms
                  | thick armour. (AC +12) [demonic ancestry]
  5263 | D:6      | Reached XP level 8. HP: 42/62 MP: 8/8
  5376 | D:6      | Reached *** piety under Cheibriados
  5450 | D:6      | Lost mutation: Your mind is acute. (Int +2) [potion of
                  | mutation]
  5450 | D:6      | Lost mutation: You are somewhat resistant to further
                  | mutation. [potion of mutation]
  5450 | D:6      | Gained mutation: Your spells are a little harder to cast,
                  | but a little more powerful. [potion of mutation]
  5450 | D:6      | Gained mutation: You sometimes lose the ability to read
                  | scrolls when taking damage. [potion of mutation]
  5450 | D:6      | Lost mutation: Your body sometimes deteriorates upon taking
                  | damage. [potion of mutation]
  5450 | D:6      | Gained mutation: You have a somewhat thin skeletal
                  | structure. (Dex +2, Stealth+) [potion of mutation]
  5665 | D:6      | Identified the +1 leather armour of Ennui {Str+4}
  5815 | D:6      | Reached skill level 5 in Armour
  5825 | D:6      | Reached skill level 6 in Fighting
  6323 | D:7      | Found a staircase to the Ecumenical Temple.
  6327 | D:7      | Identified the +4 whip of Pywuun {vorpal, rC+ Dex+2}
  6534 | D:7      | Reached skill level 1 in Maces & Flails
  6879 | D:7      | Noticed Prince Ribbit
  6892 | D:7      | Reached **** piety under Cheibriados
  6893 | D:7      | Gained mutation: When seriously injured, your blood forms
                  | very thick armour. (AC +12) [demonic ancestry]
  6893 | D:7      | Reached XP level 9. HP: 58/71 MP: 9/9
  6900 | D:7      | Killed Prince Ribbit
  7501 | D:8      | Noticed Pikel
  7515 | D:8      | Killed Pikel
  7516 | D:8      | Reached skill level 7 in Fighting
  7681 | D:8      | Lost mutation: You expend magic power (3 MP) to strengthen
                  | your wands. [potion of mutation]
  7681 | D:8      | Lost mutation: You have a somewhat thin skeletal structure.
                  | (Dex +2, Stealth+) [potion of mutation]
  7681 | D:8      | Gained mutation: Your muscles are strong. (Str +2) [potion
                  | of mutation]
  7681 | D:8      | Gained mutation: Your mind is acute. (Int +2) [potion of
                  | mutation]
  7695 | D:8      | Noticed Joseph
  7709 | D:8      | Killed Joseph
  7710 | D:8      | Reached skill level 8 in Fighting
  7710 | D:8      | Gained mutation: Your demonic aura often causes spilled
                  | blood to erupt in flames. [demonic ancestry]
  7710 | D:8      | Reached XP level 10. HP: 63/80 MP: 10/10
  7902 | D:8      | Reached ***** piety under Cheibriados
  9149 | D:8      | Reached skill level 5 in Maces & Flails
  9933 | D:9      | Reached skill level 9 in Fighting
  9933 | D:9      | Reached skill level 5 in Shields
 10114 | D:9      | Noticed Harold
 10131 | D:9      | Killed Harold
 10514 | D:9      | Gained mutation: You regenerate a little health from kills.
                  | [demonic ancestry]
 10514 | D:9      | Reached XP level 11. HP: 77/89 MP: 11/11
 10595 | D:9      | Found Ocwiuni's CLEARANCE SALE!.
 10604 | D:9      | Bought a scroll of fear for 7 gold pieces
 11032 | D:10     | Entered Level 10 of the Dungeon
 11056 | D:10     | Found a staircase to the Lair.
 11058 | D:10     | Noticed an oklob plant
 11542 | D:10     | Reached skill level 10 in Fighting
 11823 | D:10     | Noticed a two-headed ogre
 11828 | D:10     | Killed a two-headed ogre
 12111 | D:11     | Noticed a six-headed hydra
 12124 | D:11     | Killed a six-headed hydra
 12171 | D:11     | Noticed Fannar
 12183 | D:11     | Killed Fannar
 12188 | D:11     | Reached ****** piety under Cheibriados
 12263 | D:11     | Found a staircase to the Orcish Mines.
 12545 | D:11     | Noticed a two-headed ogre
 12551 | D:11     | Killed a two-headed ogre
 12752 | D:11     | Noticed Grum
 12752 | D:11     | Noticed Nergalle
 12761 | D:11     | Killed Grum
 12767 | D:11     | Killed Nergalle
 13098 | D:11     | Noticed a tengu warrior
 13098 | D:11     | Noticed an ogre mage
 13098 | D:11     | Noticed a six-headed hydra
 13164 | D:12     | Killed a tengu warrior
 13165 | D:12     | Gained mutation: You regenerate health from kills. [demonic
                  | ancestry]
 13165 | D:12     | Reached XP level 12. HP: 45/99 MP: 12/12
 13172 | D:12     | Noticed a boulder beetle
 13175 | D:12     | Noticed a death knight
 13190 | D:12     | Slain by a phantasmal warrior

Illustrated notes

Levels and vault maps discovered:
D:1:      dpeg_arrival_caged_fury, layout_rooms
D:2:      layout_basic, dreamdust_ecumenical_altar_drowned_temple,
          chequers_serial_rivers_micro_c
D:3:      layout_basic
D:4:      layout_cave_pools, makhleb_heckhound_becter, serial_shops,
          nicolae_stop_n_shop_1
D:5:      layout_basic, chequers_serial_rivers_micro_a, kennysheep_potato
D:6:      minmay_chambers_of_fours, layout_basic
D:7:      layout_loops_corners, minmay_temple_entry_statues_fountains,
          uniq_prince_ribbit1
D:8:      layout_rooms, serial_co_window_serial, co_window_corner_a,
          co_window_of_opportunity_a, co_window_corner_a, co_window_corner_a,
          co_window_corner_a, co_window_corner_a, co_window_corner_a,
          co_window_paths_a, co_window_paths_b, co_window_corner_b,
          co_window_unsneaky_path_a, co_window_2corner,
          co_window_of_opportunity_c, co_window_corner_b, co_window_4corner_b,
          glass_columns_a, glass_columns_b, glass_columns_a, glass_columns_b,
          water_boxes_lemuel, uniq_joseph, uniq_pikel
D:9:      layout_loops_ring, special_room [special_room_kobold],
          nicolae_shop_clearance, uniq_harold
D:10:     layout_gridville, dpeg_oklobed_lair
D:11:     minmay_shrinking_squares, layout_loops_ring, zombieorc2_lemuel,
          uniq_fannar, uniq_grum, uniq_nergalle
D:12:     layout_cave_pools

Skill      XL: |  1  2  3  4  5  6  7  8  9 10 11 |
---------------+----------------------------------+-----
Armour         | 1 2 3 4 5 7 8 9 |  9.8
Long Blades    | 3 4 5 |  5.9
Throwing       | 2 |  2.0
Dodging        | 3 |  3.0
Fighting       | 3 4 5 6 8 9 10 | 10.9
Shields        | 1 2 3 4 5 6 |  6.4
Maces & Flails | 1 4 6 8 |  8.2

Action                   |  1- 3 |  4- 6 |  7- 9 | 10-12 || total
-------------------------+-------+-------+-------+-------++-------
Melee: Long sword        |   130 |   153 |   117 |       ||   400
       Headbutt          |    16 |    23 |    49 |   148 ||   236
       Whip              |       |       |   128 |   487 ||   615
Throw: Dart              |       |       |       |    17 ||    17
       Throwing net      |       |       |       |     1 ||     1
Invok: Bend Time         |       |       |       |     1 ||     1
Evoke: Wand              |       |       |       |     2 ||     2
  Use: Potion            |       |     4 |     2 |     9 ||    15
       Scroll            |       |     7 |     1 |     8 ||    16
 Stab: Sleeping          |     3 |     1 |     4 |       ||     8
       Held in net/web   |       |       |       |     2 ||     2
       Distracted        |       |       |       |     1 ||     1
Armor: Leather armour    |    55 |    65 |    87 |    43 ||   250
       Scale mail        |       |       |       |   116 ||   116
Dodge: Dodged            |   115 |   150 |   127 |   326 ||   718
Block: Buckler           |       |    16 |    68 |   188 ||   272
